 Dungeon Crawl Stone Soup version 0.31-a0-1267-gfedaa18580 (webtiles) character file.

Game seed: 15534041036046489261

9 porpoise the Chopper (level 2, -13/21 HPs)
             Began as a Hill Orc Monk on Dec 17, 2023.
             Killed from afar by a wretched star (34 damage)
             ... with a lance of force
             ... on level 1 of the Abyss.
             The game lasted 00:01:03 (353 turns).

porpoise the Chopper (Hill Orc Monk)                 Turns: 353, Time: 00:01:04

Health: -13/21     AC:  4    Str: 13    XL:     2   Next: 12%
Magic:  2/2        EV: 12    Int: 10    God:
Gold:   46         SH:  0    Dex: 13    Spells: 1/1 levels left

rFire   . . .        a - +0 hand axe
rCold   . . .        d - orb {light}
rNeg    . . .        b - +0 robe
rPois   .            (no helmet)
rElec   .            m - +1 cloak
rCorr   .            (no gloves)
SInv    .            (no boots)
Will    .....        (no amulet)
Stlth   +            (no ring)
HPRegen 0.23/turn    (no ring)
MPRegen 0.08/turn

%: no passive effects
@: glowing
A: [frail 2], [screaming 2]
a: no special abilities


You were on level 1 of the Abyss.
You visited 1 branch of the dungeon, and saw 1 of its levels.
You visited the Abyss 1 time.

You collected 46 gold pieces.

Inventory:

Hand Weapons
 a - a +0 hand axe (weapon)
Armour
 b - a +0 robe (worn)
 d - an orb of light (worn)
 m - a +1 cloak (worn)
Jewellery
 e - a ring of positive energy
Scrolls
 f - a scroll of enchant weapon {unknown}
 g - a scroll of immolation {unknown}
 j - a scroll of silence {unknown}
 l - a scroll of teleportation {unknown}
Potions
 c - a potion of ambrosia
 h - a potion of curing {unknown}
 i - a potion of magic {unknown}
 k - a potion of heal wounds {unknown}
 n - a potion of mutation {unknown}


   Skills:
 + Level 3.9 Fighting
 + Level 4.2 Axes
 + Level 2.5 Dodging


You had one spell level left.
You didn't know any spells.
Your spell library contained the following spells:

 Spells                   Type           Power      Damage    Failure   Level
 Ozocubu's Armour         Ice            0%         N/A       75%         3
 Metabolic Englaciation   Hex/Ice        0%         N/A       100%        5
 Simulacrum               Ice/Necr       0%         N/A       100%        6


Dungeon Overview and Level Annotations

Branches:
Dungeon (1/15)

Altars:

Annotations:
D:1 1 transporter


Innate Abilities, Weirdness & Mutations

[You are very frail. (-20% HP)]
[You frequently scream uncontrollably at your foes.]


Message History

You kill the kobold!
No target in view!
Things that are here:
a +0 dagger; a stone
Found a stone staircase leading down.
There is a stone staircase leading down here. 3 kobolds come into view.
The kobold shouts! x3
A kobold comes into view. It is wielding a +0 whip of distortion.
The kobold moves out of view.
A kobold comes into view. It is wielding a +0 dagger.
Found two rat skeletons and a frilled lizard skeleton.
The kobold shouts! x2
Found a scroll labelled BIXIQU BAWAIB.
The kobold barely misses you.
You hit the kobold but do no damage. You hit the bush but do no damage.
You hit the kobold but do no damage. You hit the bush but do no damage.
You closely miss the kobold. The kobold hits you with a +0 dagger.
The kobold barely misses you.
The kobold hits you with a +0 whip of distortion.
You are cast into the Abyss!
To return, you must find a gate leading back.
Killing monsters will force the Abyss to allow you passage.
This branch contains the abyssal rune of Zot.
No target in view!
Okay, then.
The wretched star pulses with an eldritch light!
You feel frail. x2
You hit the wretched star but do no damage.
You hit the wretched star.
The wretched star is lightly damaged.
You hit the wretched star but do no damage.
The wretched star is lightly damaged.
The wretched star pulses with an eldritch light!
You feel the urge to shout.
You feel a strong urge to scream.
You barely miss the wretched star.
The wretched star is lightly damaged.
The wretched star glows turbulently.
The lance of force hits you!!
Ouch! That really hurt!
You die...

#...##.#.
#.......#
.........
#.......#
###........
#........
#...*.##
..####..@...#
...........##
..####.####
.....♣
#.......♣
........... #
..#♣~........#
. ........###
..........♣


You could see a wretched star.

Vanquished Creatures
  A bat (D:1)
  An endoplasm (D:1)
  A hobgoblin (D:1)
  2 kobolds (D:1)
  A quokka (D:1)
  A ball python (D:1)
  A rat (D:1)
8 creatures vanquished.

Notes
Turn   | Place    | Note
-------+----------+-------------------------------------------
     0 | D:1      | porpoise the Hill Orc Monk began the quest for the Orb.
     0 | D:1      | Reached XP level 1. HP: 19/19 MP: 1/1
   258 | D:1      | Reached XP level 2. HP: 25/27 MP: 2/2
   346 | Abyss:1  | Cast into level 1 of the Abyss (kobold)
   348 | Abyss:1  | Noticed a wretched star
   353 | Abyss:1  | Killed from afar by a wretched star

Illustrated notes

Levels and vault maps discovered:
D:1:      spicycebolla_arrival_risky_transporter, layout_rooms,
          lexackson_kobold_supper
Abyss:1:  base:
D:1

Action                     || total
---------------------------++-------
  Melee: Hand axe          ||    29
 Armour: Robe              ||    22
  Dodge: Dodged            ||    14

Table legend: (Time is in decaauts)
 A = Elapsed time spent in this place.
 B = Non-inter-level travel time spent in this place.
 C = Inter-level travel time spent in this place.
 D = Time resting spent in this place.
 E = Time spent auto-exploring this place.
 F = Levels seen in this place.
 G = Mean time per level.
                   A        B        C        D        E       F      G
               +--------+--------+--------+--------+--------+-----+--------+
         Total |    355 |    355 |      0 |      0 |    265 |   2 |  177.5 |
       Dungeon |    348 |    348 |      0 |      0 |    265 |   1 |  348.0 |
         Abyss |      7 |      7 |      0 |      0 |      0 |   1 |    7.0 |
               +--------+--------+--------+--------+--------+-----+--------+

Top non-repeatable levels by time:
     D:1: 348 daAuts
 Abyss:1: 7 daAuts
